 Dungeon Crawl Stone Soup version 0.28.0-49-g6dfe1f597d (webtiles) character file.

Game seed: 16260844075970000786

3775 Zeld the Conjurer (level 9, 0/79 HPs)
             Began as a Red Draconian Conjurer on May 16, 2022.
             Was a Priest of Sif Muna.
             Slain by an orc warrior
             ... wielding a +0 flail
              (8 damage)
             ... on level 10 of the Dungeon.
             The game lasted 00:11:45 (10679 turns).

Zeld the Conjurer (Red Draconian Conjurer)         Turns: 10679, Time: 00:11:45

Health: 0/79       AC:  9    Str: 11    XL:     9   Next: 95%
Magic:  1/18       EV: 12    Int: 22    God:    Sif Muna [***...]
Gold:   329        SH:  0    Dex:  9    Spells: 9/20 levels left

rFire   + . .      SeeInvis +   p - +0 war axe (flame)
rCold   . . .      Faith    .   (no shield)
rNeg    . . .      Spirit   .   (armour unavailable)
rPois   +          Reflect  .   (helmet restricted)
rElec   .          Harm     .   (no cloak)
rCorr   .          Rampage  .   d - +0 pair of gloves
Will    .....                   l - +0 pair of boots
Stlth   ++........              (no amulet)
HPRegen 0.23/turn               o - ring of see invisible
MPRegen 0.16/turn               s - ring of poison resistance

@: no status effects
A: breathe fire, AC +7, unfitting armour, fire resistance 1, cold-blooded
a: Breathe Fire, Renounce Religion, Channel Magic, Forget Spell


You were on level 10 of the Dungeon.
You worshipped Sif Muna.
Sif Muna was most pleased with you.
You visited 2 branches of the dungeon, and saw 9 of its levels.

You collected 398 gold pieces.
You spent 69 gold pieces at shops.

Inventory:

Hand Weapons
 p - a +0 war axe of flaming (weapon)
Armour
 d - a +0 pair of gloves (worn)
 l - a +0 pair of boots (worn)
Jewellery
 o - a ring of see invisible (left hand)
 s - a ring of poison resistance (right hand)
Wands
 n - a wand of polymorph (7)
 q - a wand of paralysis (8)
 r - a wand of charming (5)
Scrolls
 a - 3 scrolls of vulnerability {unknown}
 b - 3 scrolls of identify {unknown}
 c - 3 scrolls of blinking {unknown}
 f - 7 scrolls of teleportation {unknown}
 k - 3 scrolls of magic mapping {unknown}
 m - 2 scrolls of amnesia {unknown}
 u - a scroll of enchant weapon {unknown}
 v - a scroll of silence {unknown}
 w - a scroll of holy word {unknown}
Potions
 e - 3 potions of might {unknown}
 g - 5 potions of heal wounds {unknown}
 h - 2 potions of mutation {unknown}
 i - 3 potions of curing {unknown}
 j - a potion of cancellation {unknown}


   Skills:
 * Level 7.1 Fighting
 + Level 4.4 Dodging
 + Level 4.8 Stealth
 * Level 6.3 Spellcasting
 * Level 7.7 Conjurations
 - Level 2.0 Hexes
 - Level 2.0 Translocations
 * Level 4.8 Invocations


You had 9 spell levels left.
You knew the following spells:

 Your Spells              Type           Power      Damage    Failure   Level
a - Magic Dart            Conj           100%       1d8       1%          1
b - Searing Ray           Conj           82%        2d7       1%          2
c - Fulminant Prism       Conj/Hex       14%        3d9       12%         4
d - Iskenderun's Mystic   Conj/Tloc      28%        2d7       12%         4

Your spell library contained the following spells:

 Spells                   Type           Power      Damage    Failure   Level
 Dazzling Flash           Conj/Hex       56%        N/A       3%          3
 Apportation              Tloc           30%        N/A       4%          1
 Conjure Flame            Conj/Fire      24%        6-21      5%          3
 Sting                    Tmut/Pois      24%        1d4       9%          1
 Poisonous Vapours        Pois/Air       12%        N/A       14%         2
 Sublimation of Blood     Necr           6%         N/A       14%         2
 Sticky Flame             Conj/Fire      24%        2d5       19%         4
 Ignite Poison            Fire/Tmut/Pois 6%         N/A       26%         3
 Olgreb's Toxic Radiance  Pois           6%         N/A       65%         4
 Summon Forest            Summ/Tloc      5%         N/A       86%         5
 Summon Mana Viper        Hex/Summ       11%        N/A       86%         5
 Alistair's Intoxication  Tmut/Pois      4%         N/A       94%         5
 Summon Cactus Giant      Summ           3%         N/A       100%        6


Dungeon Overview and Level Annotations

Branches:
Dungeon (7/15)             Temple (1/1) D:6

Altars:
Ashenzari
Cheibriados
Dithmenos
Elyvilon
Fedhas
Hepliaklqana
Kikubaaqudgha
Makhleb
Okawaru
Qazlal
Ru
Sif Muna
Trog
Uskayaw
Vehumet
Wu Jian
Xom
Yredelemnul
Zin
The Shining One

Shops:
D:3 *   D:4 (


Innate Abilities, Weirdness & Mutations

You can breathe blasts of fire.
Your fiery red scales are hard. (AC +7)
You cannot fit into any form of body armour.
Your flesh is heat resistant. (rF+)
You are cold-blooded and may be slowed by cold attacks.


Message History

You hear a shout!
Casting: Searing Ray (safe; 1% risk of failure)
Confirm with . or Enter, or press ? or * to list all spells.
Aiming: Searing Ray (safe; 1% risk of failure)
Press: ? - help, Shift-Dir - straight line, f - orc warrior
Aim: an orc warrior, wielding a +0 flail and wearing a +0 plate armour (heavily wounded, 82% to hit)
The searing ray hits the orc warrior but does no damage.
The orc warrior is heavily wounded. (Press . to maintain the ray.)
The searing ray misses the orc warrior.
The orc warrior hits you with a +0 flail!
* * * LOW HITPOINT WARNING * * *
Unknown command.
Casting: Searing Ray (safe; 1% risk of failure)
Confirm with . or Enter, or press ? or * to list all spells.
You erupt in a blast of force!
The mystic blast hits the orc warrior.
The orc warrior is severely wounded.
The orc warrior is knocked back by the mystic blast.
Unknown command.
Things that are here:
a +0 giant club; a +0 dire flail; a yak skeleton You see here a yak skeleton.
You see here a yak skeleton.
Casting: Iskenderun's Mystic Blast (dangerous; 12% risk of failure)
Confirm with . or Enter, or press ? or * to list all spells.
Aiming: Searing Ray (safe; 1% risk of failure)
Press: ? - help, Shift-Dir - straight line, f/p - orc warrior
Aim: an orc warrior, wielding a +0 flail and wearing a +0 plate armour (severely wounded, 82% to hit)
The searing ray hits the orc warrior but does no damage.
The orc warrior is severely wounded. (Press . to maintain the ray.)
The searing ray hits the orc warrior but does no damage.
The orc warrior is severely wounded.
The orc warrior hits you with a +0 flail!
* * * LOW HITPOINT WARNING * * *
Unknown command.
You have got your breath back.
You see here a yak skeleton.
The orc warrior hits you with a +0 flail!
You die...

########
....#.# #
#..#@#
#.##..#o#
#.......#
####÷o###
#.......#
#.##.o#.#####.
#.##..#.......
#.##..........
#.............


You could see an orc warrior and an orc.

Vanquished Creatures
  A two-headed ogre (D:10)
  5 yaks (D:10)
  An acid dragon (D:10)
  3 water moccasins
  2 orc warriors (D:4)
  A sky beast (D:5)
  2 ogres
  2 centaurs (D:7)
  A phantom (D:5)
  A bullfrog (D:6)
  3 scorpions
  A vampire bat (D:6)
  A howler monkey (D:5)
  2 bullfrog zombies
  A hound (D:5)
  A gnoll shaman (D:6)
  4 orc priests
  A bullfrog skeleton (D:7)
  A centaur skeleton (D:7)
  3 iguanas
  7 orc wizards
  3 killer bee zombies
  A howler monkey zombie (D:6)
  2 howler monkey skeletons
  6 adders
  17 gnolls
  2 shadow imps (D:6)
  A white imp (D:6)
  An ufetubus (D:7)
  2 worms
  A dart slug (D:5)
  23 orcs
  4 ball pythons
  7 endoplasms
  2 giant cockroaches
  29 hobgoblins
  4 jackals (D:1)
  3 quokkas
  7 bats
  2 frilled lizards (D:1)
  41 goblins
  8 kobolds
  A quokka skeleton (D:4)
  3 rats (D:1)
214 creatures vanquished.

Vanquished Creatures (others)
  6 plants (D:7)
6 creatures vanquished.

Grand Total: 220 creatures vanquished

Notes
Turn   | Place    | Note
-------+----------+-------------------------------------------
     0 | D:1      | Zeld the Draconian Conjurer began the quest for the Orb.
     0 | D:1      | Reached XP level 1. HP: 14/14 MP: 3/3
   304 | D:1      | Reached XP level 2. HP: 17/22 MP: 1/5
   333 | D:1      | Learned a level 2 spell: Searing Ray
   507 | D:2      | Reached skill level 1 in Fighting
   610 | D:2      | Reached XP level 3. HP: 20/28 MP: 1/6
   788 | D:3      | Found Tuihisux's Assorted Antiques.
   829 | D:3      | Bought a scroll labelled EROCKE NAUNIRPH for 23 gold pieces
   829 | D:3      | Bought a scroll labelled AMOODEIQAU for 23 gold pieces
   956 | D:3      | Found a sacrificial altar of Ru.
  1002 | D:3      | Reached XP level 4. HP: 36/36 MP: 4/7
  1215 | D:4      | Found a glowing golden altar of the Shining One.
  1869 | D:4      | Found Cahinir's Weapon Shop.
  2055 | D:4      | Found a shimmering blue altar of Sif Muna.
  2070 | D:4      | Reached XP level 5. HP: 31/42 MP: 4/9
  2090 | D:4      | Noticed an orc warrior
  2259 | D:4      | Became a worshipper of Sif Muna the Loreminder
  2261 | D:4      | Got Sif Muna's Disquisition on Black Arts
  3821 | D:3      | Reached * piety under Sif Muna
  4162 | D:3      | Reached skill level 5 in Conjurations
  4204 | D:3      | Bought a scroll labelled MODO EPNORIU for 23 gold pieces
  4440 | D:2      | Reached XP level 6. HP: 45/51 MP: 1/11
  4452 | D:2      | Learned a level 4 spell: Fulminant Prism
  4457 | D:2      | Learned a level 4 spell: Iskenderun's Mystic Blast
  4953 | D:3      | Reached ** piety under Sif Muna
  5926 | D:4      | Found a basalt altar of Yredelemnul.
  5958 | D:4      | Reached skill level 1 in Hexes
  5958 | D:4      | Reached skill level 1 in Translocations
  5958 | D:4      | Your scales start taking on a fiery red colour.
  5958 | D:4      | Reached XP level 7. HP: 58/58 MP: 1/12
  5958 | D:4      | Gained mutation: Your flesh is heat resistant. (rF+) [Red
                  | Draconian growth]
  6139 | D:4      | Found a bloodstained altar of Trog.
  6417 | D:5      | Entered Level 5 of the Dungeon
  7085 | D:5      | Reached XP level 8. HP: 59/67 MP: 14/14
  7393 | D:5      | Reached *** piety under Sif Muna
  7787 | D:5      | Reached skill level 5 in Fighting
  8114 | D:6      | Found a staircase to the Ecumenical Temple.
  8134 | Temple   | Entered the Ecumenical Temple
  8378 | D:6      | Identified the amulet of Hard Scrabble {Faith rElec rPois
                  | Int+5 Dex-5}
  8522 | D:6      | Reached skill level 1 in Invocations
  8526 | D:6      | Found an iron altar of Okawaru.
  8759 | D:6      | Reached skill level 5 in Spellcasting
  9555 | D:7      | Reached XP level 9. HP: 56/75 MP: 16/16
 10329 | D:7      | You fall into a shaft and drop 3 floors!
 10329 | D:10     | Entered Level 10 of the Dungeon
 10343 | D:10     | Noticed a two-headed ogre
 10379 | D:10     | Killed a two-headed ogre
 10679 | D:10     | Slain by an orc warrior

Illustrated notes

Levels and vault maps discovered:
D:1:      saegor_arrival_simple_c, layout_basic
D:2:      layout_basic
D:3:      minmay_goblin_kobold_castle, layout_rooms,
          mainiacjoe_overflow_six_doors_small, serial_shops, shop
D:4:      layout_cave_pools, nzn_overflow_gifts_of_might_and_magic,
          mainiacjoe_overflow_surrounded_room, amcnicky_altar_gilded,
          serial_shops, kennysheep_mini, minmay_ogre_servants
D:5:      layout_loops_cross, minmay_manual_monstrance
D:6:      layout_cave_pools, mainiacjoe_overflow_tiny_flanked,
          minmay_temple_entry_slanted, chequers_serial_rivers_micro_d,
          roderic_batcave, kennysheep_generic_room_15
D:7:      layout_loops_ring, gammafunk_ghost_gnarly_gnolls, due_unseen_surprise
D:10:     layout_loops_cross, nemelex_diamond_rough_becter, hangedman_ranch
Temple:   eino_narrow_crystal_temple

Skill      XL: |  1  2  3  4  5  6  7  8  9 |
---------------+----------------------------+-----
Fighting       | 1 2 3 4 5 7 |  7.1
Dodging        | 2 3 4 |  4.4
Stealth        | 2 3 4 |  4.8
Spellcasting   | 3 4 5 6 |  6.3
Conjurations   | 5 6 7 |  7.7
Hexes          | 1 2 |  2.0
Translocations | 1 2 |  2.0
Invocations    | 2 4 |  4.8

Action                   |  1- 3 |  4- 6 |  7- 9 || total
-------------------------+-------+-------+-------++-------
Melee: Unarmed           |    29 |    64 |       ||    93
       Tailslap          |     8 |     7 |    31 ||    46
       Punch             |       |     1 |     2 ||     3
       War axe           |       |       |   211 ||   211
 Cast: Magic Dart        |    13 |    98 |       ||   111
       Searing Ray       |     6 |    49 |    25 ||    80
       Iskenderun's Myst |       |       |     7 ||     7
 Abil: Breathe Fire      |       |       |     5 ||     5
Evoke: Wand              |       |       |     5 ||     5
 Stab: Paralysed         |       |       |     3 ||     3
Armor: Skin              |     9 |    62 |   155 ||   226
Dodge: Dodged            |    23 |   119 |   230 ||   372
